 Dungeon Crawl Stone Soup version 0.27.1-33-g824d729ab1 (webtiles) character file.

Game seed: 4748030064205612596

2 Descartes the Magician (level 1, -2/7 HPs)
             Began as a Felid Wanderer on Nov 29, 2021.
             Slain by a kobold (5 damage)
             ... on level 1 of the Dungeon.
             The game lasted 00:00:36 (160 turns).

Descartes the Magician (Felid Wanderer)              Turns: 160, Time: 00:00:37

Health: -2/7       AC:  1    Str:  9    XL:     1   Next: 25%
Magic:  6/6        EV: 16    Int: 14    God:
Gold:   8          SH:  0    Dex: 13    Spells: 7/8 levels left
                                        Lives:  0   Deaths: 0

rFire    . . .     SeeInvis +     - Unarmed
rCold    . . .     Faith    .   (shield unavailable)
rNeg     . . .     Spirit   .   (armour unavailable)
rPois    .         Reflect  .   (helmet unavailable)
rElec    .         Harm     .   (cloak unavailable)
rCorr    .         Rampage  .   (gloves unavailable)
Will     .....                  (boots unavailable)
Stlth    ++........             c - amulet of the acrobat
HPRegen  0.02/turn              (no ring)
MPRegen  0.10/turn              (no ring)

@: quick
A: very small, claws 1, fangs 3, see invisible, speed 1, shaggy fur 1, stealthy
paws, no weapons or thrown items, no armour, multi-lived
a: no special abilities


You were on level 1 of the Dungeon.
You visited 1 branch of the dungeon, and saw 1 of its levels.

You collected 8 gold pieces.

Inventory:

Jewellery
 c - an amulet of the acrobat (around neck)
Scrolls
 a - a scroll of blinking
Potions
 b - a potion of lignification


   Skills:
 + Level 1.5 Dodging
 + Level 2.8 Stealth
 + Level 2.0 Unarmed Combat
 - Level 4.0 Spellcasting
 - Level 1.0 Ice Magic


You had 7 spell levels left.
You knew the following spells:

 Your Spells              Type           Power      Damage    Failure   Level
a - Apportation           Tloc           4%         N/A       19%         1

Your spell library contained the following spells:

 Spells                   Type           Power      Damage    Failure   Level
 Teleport Other           Tloc           2%         N/A       50%         3


Dungeon Overview and Level Annotations

Branches:
Dungeon (1/15)

Altars:


Innate Abilities, Weirdness & Mutations

You have sharp claws.
You have razor-sharp teeth.
You have supernaturally acute eyesight. (SInv)
You cover ground quickly. (Speed+)
You are covered in fur. (AC +1)
Your paws help you pounce on unaware monsters.
You are incapable of wielding weapons or throwing items.
You cannot wear armour.
You gain extra lives every three experience levels.


Message History

c - an amulet of the acrobat (around neck)
A hobgoblin comes into view.
Found 30 gold pieces.
The hobgoblin shouts!
You hear a shout!
A kobold comes into view.
It is wielding a +0 short sword. 2 dart slugs come into view.
The kobold completely misses you.
You scratch the kobold. Your bite misses the kobold.
The kobold is heavily wounded.
The kobold closely misses you.
You closely miss the kobold. You bite the kobold, but do no damage.
The kobold is heavily wounded.
The hobgoblin barely misses you. The kobold completely misses you.
You closely miss the kobold.
The kobold is heavily wounded.
The hobgoblin hits you. The kobold completely misses you.
You barely miss the kobold. Your claw misses the kobold.
The kobold is heavily wounded.
The hobgoblin hits you but does no damage.
The kobold closely misses you.
You closely miss the kobold.
The kobold is heavily wounded.
The hobgoblin hits you. The kobold closely misses you.
You are too injured to fight recklessly!
You are too injured to fight recklessly!
You are too injured to fight recklessly!
You are too injured to fight recklessly!
You are too injured to fight recklessly!
You are too injured to fight recklessly!
You are too injured to fight recklessly!
You are too injured to fight recklessly!
You are too injured to fight recklessly!
You are too injured to fight recklessly!
You miss the kobold.
The kobold is heavily wounded.
You closely miss the kobold.
The kobold is heavily wounded.
The kobold hits you with a +0 short sword.
Ouch! That really hurt!
You die...

...... ......
####### ......#
......## .......
........
.....w.#........
....w.w.........
.######g#.$.....
..$....K........
.######@########
#..# ##.## #..#
##.## #..# ##.#
#.## #..#


You could see a dart slug, a hobgoblin and a kobold.

Vanquished Creatures
  A giant cockroach (D:1)
  A kobold (D:1)
2 creatures vanquished.

Notes
Turn   | Place    | Note
-------+----------+-------------------------------------------
     0 | D:1      | Descartes the Felid Wanderer began the quest for the Orb.
     0 | D:1      | Descartes set off with the following items: a scroll of
                  | blinking, a potion of lignification; and the following
                  | spell memorised: Apportation; and the following spells
                  | available to memorise: Teleport Other
     0 | D:1      | Reached XP level 1. HP: 7/7 MP: 6/6
   160 | D:1      | Slain by a kobold

Illustrated notes

Levels and vault maps discovered:
D:1:      lightli_arrival_chessboard, layout_basic,
          hellmonk_ecumenical_altar_crossroads

Action                   || total
-------------------------++-------
Melee: Unarmed           ||    17
       Bite              ||     2
Armor: Skin              ||     2
Dodge: Dodged            ||    14
